 Dungeon Crawl Stone Soup version 0.17-a0-1020-ge683cc4 (webtiles) character file.

41 Kisielow the Insei (level 3, 0/26 HPs)
             Began as a Merfolk Transmuter on May 13, 2015.
             Slain by a goblin
             ... wielding a +0 dagger
             ... led by Robin
              (3 damage)
             ... on level 2 of the Dungeon.
             The game lasted 00:02:27 (1605 turns).

Kisielow the Insei (Merfolk Transmuter)             Turns: 1605, Time: 00:02:27

Health: 0/26       AC:  2    Str: 10    XL:     3   Next: 52%
Magic:  6/6        EV: 13    Int: 13    God:
Gold:   64         SH:  0    Dex: 14    Spells: 2 memorised, 2 levels left

rFire  . . .     SeeInvis .       - Unarmed
rCold  . . .     Clarity  .     b - +0 robe
rNeg   . . .     SustAb   .     (no shield)
rPois  .         Gourm    .     (no helmet)
rElec  .         Spirit   .     (no cloak)
rCorr  .         Warding  .     (no gloves)
rMut   .         Stasis   .     (no boots)
MR     .....                    (no amulet)
Stlth  +.........               (no ring)
                                (no ring)

@: lethally poisoned (0 -> -9), not resistant to hostile enchantments, very
unstealthy
A: change form in water, swift swim
a: no special abilities


You were on level 2 of the Dungeon.
You were near starving.

You visited 1 branch of the dungeon, and saw 2 of its levels.

You collected 64 gold pieces.

Inventory:

Missiles
 a - 12 arrows
 l - 11 arrows of flame
Armour
 b - a +0 robe (worn)
Scrolls
 e - a scroll of identify {unknown}
 f - a scroll of random uselessness {unknown}
 h - 2 scrolls of enchant weapon {unknown}
 i - 2 scrolls of immolation {unknown}
 k - 4 scrolls of remove curse {unknown}
 n - a scroll of recharging {unknown}
 p - a scroll of amnesia {unknown}
Potions
 m - a potion of lignification {unknown}
 o - a potion of degeneration {unknown}
 q - 2 potions of ambrosia {unknown}
Books
 c - a book of Changes

   Spells                             Type                      Level
   a - Beastly Appendage              Transmutation                1
   b - Sticks to Snakes               Transmutation                2
   c - Spider Form                    Transmutation/Poison         3
   d - Ice Form                       Ice/Transmutation            4
   e - Blade Hands                    Transmutation                5
Comestibles
 d - a bread ration
 g - a beef jerky
 j - 2 meat rations


   Skills:
 - Level 1.1 Fighting
 - Level 2.6 Dodging
 - Level 4.5 Unarmed Combat
 - Level 2.0 Spellcasting
 - Level 2.6 Transmutations
 + Level 1.4 Poison Magic


You had 2 spell levels left.
You knew the following spells:

 Your Spells              Type           Power        Failure   Level  Hunger
a - Beastly Appendage     Trmt           #.....       10%         1    ##.....
s - Spider Form           Trmt/Pois      #.........   34%         3    ####...


Dungeon Overview and Level Annotations

Branches:
Dungeon (2/15)

Altars:

Annotations:
D:2 Robin


Message History

The goblin barely misses you.
You punch the goblin!
You kill the goblin!
The hobgoblin hits you but does no damage.
Robin throws the goblin at you! The hobgoblin completely misses you.
The goblin hits you with a dagger of venom.
You are poisoned.
You see here a goblin corpse.
You feel sick.
You hit the goblin.
The goblin is moderately wounded.
You feel sick.
You hit the goblin.
You kill the goblin!
You feel sick. Robin throws the goblin at you!
The goblin hits you with a dagger.
You feel sick. The hobgoblin hits you with a club.
* * * LOW HITPOINT WARNING * * *
Robin barely misses you. The goblin hits you with a dagger.
You die...

#g #.# #.#.########
#g #.# #.#........#
#g #.# #)########.#
#. #.# #.# #.# #g #.#
#.# #.# #. #.# #.#
#.#
#.##.#####.########.#
#...g.gg##.##.......#
####.##@##.##.#######
#.##.g.....######
#.#####.#####...#####
#.# #............[.
#.# #######...#####
#.. #...##... ###
#...##... #...##...
######...


You could see Robin, 2 hobgoblins and a goblin (frenzied).

Vanquished Creatures
  An adder (D:2)
  An ooze (D:1)
  3 giant cockroaches (D:1)
  2 goblins (D:2)
  4 hobgoblins
  4 jackals (D:1)
  3 bats (D:1)
  2 giant newts (D:1)
  2 kobolds (D:1)
  4 rats (D:1)
26 creatures vanquished.

Notes
Turn   | Place    | Note
--------------------------------------------------------------
     0 | D:1      | Kisielow the Merfolk Transmuter began the quest for the Orb.
     0 | D:1      | Reached XP level 1. HP: 15/15 MP: 3/3
   357 | D:1      | Reached XP level 2. HP: 18/21 MP: 3/5
   515 | D:1      | Reached skill level 4 in Unarmed Combat
   948 | D:1      | Reached XP level 3. HP: 12/26 MP: 6/6
   953 | D:1      | Learned a level 3 spell: Spider Form
  1274 | D:2      | Reached skill level 1 in Poison Magic
  1593 | D:2      | Noticed Robin
  1605 | D:2      | Slain by a goblin

Vault maps used:
D:1:      minmay_arrival_widening_spiral_narrow
D:2:      uniq_robin, uniq_iyjb

Action                   || total
-------------------------++-------
Melee: Unarmed           ||    82
 Cast: Beastly Appendage ||    16
  Eat: Chunk             ||     1
